 Dungeon Crawl Stone Soup version 0.29.1-4-g47bece8355 (webtiles) character file.

Game seed: 13418914170155866340

14633 Hiippo the Eclecticist (level 11, -24/54 HPs)
             Began as a Deep Elf Air Elementalist on Dec 6, 2022.
             Was a Believer of Vehumet.
             Annihilated by a very large slime creature (28 damage)
             ... on level 12 of the Dungeon on Dec 10, 2022.
             The game lasted 02:15:34 (17003 turns).

Hiippo the Eclecticist (Deep Elf Air Elementalist) Turns: 17003, Time: 02:15:34

Health: -24/54     AC: 18    Str:  7    XL:     11   Next: 91%
Magic:  0/32       EV: 12    Int: 25    God:    Vehumet [**....]
Gold:   606        SH:  7    Dex: 21    Spells: 19/41 levels left

rFire   . . .      SeeInvis +   H - +5 flail
rCold   + . .      Faith    .   q - +3 warlock's mirror {reflect}
rNeg    . . .      Spirit   +   k - +2 robe {rC+}
rPois   .          Reflect  +   e - +2 helmet {SInv}
rElec   +          Harm     .   O - +0 cloak {Will+}
rCorr   .          Rampage  .   o - +2 pair of gloves
Will    ++...                   t - +2 pair of boots {Fly}
Stlth   ++........              n - amulet "Lizxoram" {Spirit rElec Str+2}
HPRegen 0.18/turn               P - +4 ring of protection
MPRegen 0.23/turn               N - +6 ring of dexterity

@: flying
A: no striking features
a: Renounce Religion


You were on level 12 of the Dungeon.
You worshipped Vehumet.
Vehumet was pleased with you.
You visited 2 branches of the dungeon, and saw 13 of its levels.
You also visited: Bailey.

You collected 774 gold pieces.
You spent 168 gold pieces at shops.

Inventory:

Hand Weapons
 H - a +5 flail (weapon)
 T - the +5 flail of Supply {vorpal, Contam Int+4 Dex+6}
   (You found it on level 10 of the Dungeon)

   It inflicts extra damage upon your enemies.
   Int:       It affects your intelligence (+4).
   Dex:       It affects your dexterity (+6).
   Contam:    It causes magical contamination when unequipped.
Missiles
 h - 35 poisoned darts
Armour
 e - a +2 helmet of see invisible (worn)
 j - a scarf of invisibility
 k - a +2 robe of cold resistance (worn)
 o - a +2 pair of gloves (worn)
 q - the +3 warlock's mirror (worn) {reflect}
   (You acquired it on level 5 of the Dungeon)

   It can block and reflect piercing ranged attacks and magical attacks against
   the wielder's willpower.
 t - a +2 pair of boots of flying (worn)
 y - a +1 chain mail of willpower
 K - a +2 troll leather armour
 O - a +0 cloak of willpower (worn)
Jewellery
 c - a ring of flight
 n - the amulet "Lizxoram" (around neck) {Spirit rElec Str+2}
   (You found it on level 3 of the Dungeon)

   [amulet of guardian spirit]

   It causes incoming damage to be divided between your reserves of health and
   magic.
   Str:       It affects your strength (+2).
   rElec:     It insulates you from electricity.
 I - an amulet of reflection
 N - a +6 ring of dexterity (right hand)
 P - a +4 ring of protection (left hand)
 U - a ring of poison resistance
 V - a ring of protection from fire
Wands
 r - a wand of mindburst (18)
 u - a wand of polymorph (29)
 F - a wand of acid (10)
 L - a wand of roots (11)
Scrolls
 a - a scroll of immolation
 b - a scroll of identify
 d - a scroll of brand weapon {unknown}
 x - 3 scrolls of enchant armour
 G - 2 scrolls of fear
 J - 2 scrolls of teleportation
 Q - 2 scrolls of blinking {unknown}
 S - a scroll of enchant weapon {unknown}
Potions
 f - 2 potions of heal wounds
 m - 2 potions of degeneration
 p - 2 potions of ambrosia
 v - 3 potions of cancellation
 z - a potion of curing
 A - a potion of might
 B - 3 potions of mutation
 M - 4 potions of haste


   Skills:
 - Level 2.4 Dodging
 - Level 2.4 Stealth
 + Level 15.7 Spellcasting
 * Level 14.0 Conjurations
 - Level 8.7 Air Magic


You had 19 spell levels left.
You knew the following spells:

 Your Spells              Type           Power      Damage    Failure   Level
a - Shock                 Conj/Air       100%       1d9       1%          1
b - Static Discharge      Conj/Air       67%        3-12/arc  1%          2
c - Swiftness             Air            59%        N/A       1%          3
d - Searing Ray           Conj           100%       2d8       1%          2
e - Airstrike             Air            29%        2d(5-21)  1%          4
f - Sandblast             Erth           38%        2d10      3%          1
g - Iskenderun's Mystic   Conj/Tloc      53%        2d11      1%          4
h - Iskenderun's Battles  Conj           74%        2d12      1%          5

Your spell library contained the following spells:

 Spells                   Type           Power      Damage    Failure   Level
 Scorch                   Fire           38%        2d7       5%          2
 Poisonous Vapours        Pois/Air       82%        N/A       1%          2
 Dazzling Flash           Conj/Hex       100%       N/A       1%          3
 Sticky Flame             Conj/Fire      53%        2d7       1%          4
 Apportation              Tloc           38%        N/A       3%          1
 Sting                    Tmut/Pois      76%        1d6       3%          1
 Corpse Rot               Necr/Pois/Air  34%        N/A       11%         4
 Iron Shot                Conj/Erth      26%        9d6       32%         6
 Starburst                Conj/Fire      26%        6d8       32%         6
 Olgreb's Toxic Radiance  Pois           19%        N/A       36%         4
 Alistair's Intoxication  Tmut/Pois      12%        N/A       71%         5
 Spellforged Servitor     Conj/Summ      26%        N/A       87%         7
 Death Channel            Necr           9%         N/A       99%         6
 Malign Gateway           Summ/Tloc      9%         N/A       100%        7
 Summon Horrible Things   Summ           9%         N/A       100%        8


Dungeon Overview and Level Annotations

Branches:
Dungeon (12/15)            Temple (1/1) D:5            Lair (0/5) D:10
    Orc (0/2) D:12         Bailey (visited)

Altars:
Ashenzari
Cheibriados
Dithmenos
Elyvilon
Fedhas
Gozag
Hepliaklqana
Kikubaaqudgha
Makhleb
Nemelex Xobeh
Okawaru
Qazlal
Ru
Sif Muna
Trog
Uskayaw
Vehumet
Wu Jian
Xom
Yredelemnul
Zin
The Shining One

Shops:
D:1 (   D:2 ?   D:6 *(!:

Annotations:
D:7 3 runed translucent doors, lotum's ghost, novice NaWr


Message History

The searing ray hits the slime creature.
The slime creature is heavily wounded.
The searing ray hits the slime creature!
The slime creature is heavily wounded.
The searing ray hits the slime creature!
The slime creature is moderately wounded.
The slime creature hits you.
Two slime creatures merge to form a large slime creature.
The searing ray hits the large slime creature.
The large slime creature is heavily wounded.
The searing ray hits the slime creature.
The slime creature is moderately wounded.
The searing ray hits the large slime creature!
The large slime creature is severely wounded.
The searing ray hits the slime creature!
The slime creature is heavily wounded.
You finish channelling your searing ray.
Two slime creatures merge to form a very large slime creature.
Casting: Searing Ray (safe; 1% risk of failure)
Confirm with . or Enter, or press ? or * to list all spells.
Aiming: Searing Ray (safe; 1% risk of failure)
Press: ? - help, Shift-Dir - straight line The searing ray hits the very large slime creature.
The very large slime creature is heavily wounded. (Press . to maintain the ray.)
The searing ray hits the very large slime creature!
The very large slime creature is severely wounded.
The searing ray hits the very large slime creature!
The very large slime creature is severely wounded.
The very large slime creature hits you!
The searing ray hits the very large slime creature!
The very large slime creature is severely wounded.
You finish channelling your searing ray.
The very large slime creature hits you!!!
Ouch! That really hurt!
* * * LOW HITPOINT WARNING * * *
The very large slime creature attacks as you move away!
The very large slime creature hits you!!
Ouch! That really hurt!
You die...

######
#...<#
#.####
#.#
#.#
#@#
#J#
#.#
#.#
#.#
#.#
#.#
#.#


You could see a very large slime creature.

Vanquished Creatures
  2 hydras
  2 two-headed ogres (D:8)
  An ugly thing (D:7)
  An oklob plant (D:10)
  2 manticores (D:11)
  Joseph (D:10)
  A gargoyle (Bailey)
  Psyche (D:10)
  A komodo dragon (D:8)
  An unseen horror (D:11)
  A troll (D:10)
  2 hornets
  Grinder (D:5)
  Sigmund (D:6)
  2 shadows
  6 yaks (D:9)
  Eustachio (D:6)
  2 wyverns
  A vampire (Bailey)
  2 wraiths (D:11)
  A steam dragon (D:9)
  3 vampire mosquitoes (D:11)
  3 water moccasins (D:7)
  Duvessa (D:5)
  4 orc warriors
  An ice beast (D:6)
  3 sky beasts
  4 centaurs
  A phantom (D:7)
  Blork the orc (D:5)
  3 bullfrogs
  2 kobold brigands
  3 gnoll sergeants
  5 scorpions
  A necrophage (D:7)
  10 wights
  Dowan (D:5)
  17 killer bees
  A howler monkey (D:7)
  7 vampire bats (Bailey)
  9 electric eels (D:11)
  4 wolf zombies (Bailey)
  5 hounds
  7 orc priests
  A jelly (D:5)
  9 orc wizards
  8 iguanas
  16 gnolls
  5 adders
  3 shadow imps
  4 white imps
  An ufetubus (D:5)
  A worm (D:4)
  3 dart slugs
  31 orcs
  7 bats
  5 endoplasms
  3 giant cockroaches
  8 goblins
  6 hobgoblins
  9 jackals
  7 quokkas
  9 ball pythons
  3 frilled lizards
  25 kobolds
  18 orc zombies (Bailey)
  3 rats
314 creatures vanquished.

Vanquished Creatures (others)
  6 demonic plants (D:5)
  A fungus (D:3)
  6 plants (D:3)
13 creatures vanquished.

Grand Total: 327 creatures vanquished

Notes
Turn   | Place    | Note
-------+----------+-------------------------------------------
     0 | D:1      | Hiippo the Deep Elf Air Elementalist began the quest for
                  | the Orb.
     0 | D:1      | Reached XP level 1. HP: 10/10 MP: 6/6
   190 | D:1      | Reached XP level 2. HP: 10/15 MP: 1/8
   430 | D:1      | Found Irehul's Weapon Shop.
   574 | D:1      | Reached XP level 3. HP: 19/19 MP: 3/10
   878 | D:1      | Reached skill level 4 in Spellcasting
  1459 | D:2      | Learned a level 2 spell: Static Discharge
  1589 | D:2      | Found Gotesi's Magic Scroll Shop.
  1861 | D:2      | Reached XP level 4. HP: 24/24 MP: 10/12
  2804 | D:3      | Reached skill level 5 in Spellcasting
  2899 | D:3      | Found a hide-covered altar of Uskayaw.
  2977 | D:3      | Found a blossoming altar of Fedhas.
  3082 | D:3      | Reached XP level 5. HP: 20/28 MP: 7/14
  3370 | D:3      | Found a faded altar of an unknown god.
  3470 | D:3      | Identified the amulet "Lizxoram" {Spirit rElec Str+2}
  3827 | D:4      | Noticed a steam dragon
  3950 | D:4      | Learned a level 3 spell: Swiftness
  3958 | D:4      | Found a white marble altar of Elyvilon.
  3960 | D:4      | Found a hazy altar of Hepliaklqana.
  3962 | D:4      | Found a basalt altar of Yredelemnul.
  4000 | D:4      | Reached skill level 6 in Spellcasting
  4000 | D:4      | Reached skill level 5 in Air Magic
  4000 | D:4      | Reached XP level 6. HP: 31/32 MP: 10/17
  4178 | D:4      | Found a basalt altar of Yredelemnul.
  4181 | D:4      | Found a shimmering altar of Xom.
  4181 | D:4      | Found a basalt altar of Yredelemnul.
  4184 | D:4      | Found a sacrificial altar of Ru.
  4184 | D:4      | Found a stormy altar of Qazlal.
  4184 | D:4      | Found a shimmering altar of Xom.
  4296 | D:4      | Got the Volume of Battle Magic
  4300 | D:4      | Learned a level 2 spell: Searing Ray
  4547 | D:5      | Entered Level 5 of the Dungeon
  4590 | D:5      | Noticed Dowan
  4591 | D:5      | Noticed Duvessa
  4604 | D:5      | Noticed Eustachio
  4939 | D:5      | Found a broken altar of Ashenzari.
  4953 | D:5      | Reached skill level 7 in Spellcasting
  4953 | D:5      | Reached XP level 7. HP: 36/36 MP: 10/19
  5009 | D:5      | Noticed Grinder
  5013 | D:5      | Killed Grinder
  5044 | D:5      | Reached skill level 8 in Spellcasting
  5288 | D:5      | Found a staircase to the Ecumenical Temple.
  5294 | Temple   | Entered the Ecumenical Temple
  5440 | D:5      | Killed Duvessa
  5448 | D:5      | Killed Dowan
  5449 | D:5      | Reached XP level 8. HP: 41/41 MP: 1/22
  5512 | D:5      | Reached skill level 9 in Spellcasting
  5826 | D:6      | Killed Eustachio
  5988 | D:5      | Learned a level 4 spell: Airstrike
  6026 | D:5      | Noticed Blork the orc
  6028 | D:5      | Killed Blork the orc
  6029 | D:5      | Reached skill level 10 in Spellcasting
  6117 | D:5      | Found an iron altar of Okawaru.
  6299 | D:5      | Found a sparkling altar of Nemelex Xobeh.
  6300 | D:5      | Found a shimmering blue altar of Sif Muna.
  6343 | D:5      | Identified a scroll of acquirement
  6343 | D:5      | Acquired the +3 warlock's mirror {reflect}
  6343 | D:5      | Found the +3 warlock's mirror {reflect}
  6586 | D:6      | Found Corail's General Store.
  6869 | D:6      | Reached skill level 11 in Spellcasting
  7121 | D:6      | Found Juid's Antique Weapon Boutique.
  7124 | D:6      | Bought a glowing rapier for 168 gold pieces
  7132 | D:6      | Reached XP level 9. HP: 43/45 MP: 20/26
  7133 | D:6      | Found Usyqes's Distillery.
  7142 | D:6      | Found Hoikibuz's Book Shop.
  7320 | D:6      | Found an ornate altar of the Wu Jian Council.
  7607 | D:6      | Noticed Sigmund
  7615 | D:6      | Killed Sigmund
  8269 | D:7      | Reached skill level 5 in Conjurations
  8553 | D:7      | Found a runed translucent gate.
  8553 | D:7      | Found a runed translucent gate.
  8553 | D:7      | Found a runed translucent gate.
  8555 | D:7      | Noticed lotum's ghost (novice NaWr)
  8787 | D:7      | Reached skill level 12 in Spellcasting
  8789 | D:7      | Noticed a white ugly thing
  8888 | D:7      | Killed a white ugly thing
  9116 | D:7      | Got the Grimoire of Blasting and Despicable Magic
  9747 | D:8      | Reached XP level 10. HP: 37/50 MP: 12/28
 10184 | D:8      | Found a flagged portal.
 10190 | D:8      | Reached skill level 13 in Spellcasting
 10203 | Bailey   | Entered a bailey
 10609 | Bailey   | Noticed a gargoyle
 10613 | Bailey   | Killed a gargoyle
 11303 | D:8      | Found a radiant altar of Vehumet.
 11312 | D:8      | Became a worshipper of Vehumet
 11399 | D:8      | Reached skill level 10 in Conjurations
 11593 | D:8      | Found an opulent altar of Gozag.
 11800 | D:8      | Noticed a two-headed ogre
 11808 | D:8      | Killed a two-headed ogre
 12025 | D:8      | Noticed a two-headed ogre
 12032 | D:8      | Killed a two-headed ogre
 12033 | D:8      | Reached skill level 14 in Spellcasting
 12508 | D:9      | Reached XP level 11. HP: 49/54 MP: 16/31
 12511 | D:9      | Reached * piety under Vehumet
 12511 | D:9      | Offered knowledge of Sandblast by Vehumet.
 13275 | D:9      | Found a bloodstained altar of Trog.
 13385 | D:10     | Entered Level 10 of the Dungeon
 13519 | D:10     | Found a staircase to the Lair.
 13530 | D:10     | Noticed an oklob plant
 13606 | D:10     | Killed an oklob plant
 13776 | D:10     | Noticed Psyche
 13780 | D:10     | Killed Psyche
 13904 | D:10     | You are sucked into a shaft and drop 2 floors!
 13904 | D:12     | Found a staircase to the Orcish Mines.
 14207 | D:11     | Noticed a four-headed hydra
 14239 | D:10     | HP: 2/54 [four-headed hydra (5)]
 14248 | D:10     | Killed a four-headed hydra
 14249 | D:10     | Reached skill level 15 in Spellcasting
 14369 | D:10     | Learned a level 1 spell: Sandblast
 14374 | D:10     | Learned a level 4 spell: Iskenderun's Mystic Blast
 14586 | D:10     | Noticed Joseph
 14594 | D:10     | Killed Joseph
 14779 | D:10     | Learned a level 5 spell: Iskenderun's Battlesphere
 15218 | D:10     | Identified the +5 flail of Supply {vorpal, Contam Int+4
                  | Dex+6}
 15787 | D:11     | Offered knowledge of Scorch by Vehumet.
 15789 | D:11     | Reached ** piety under Vehumet
 16475 | D:11     | Noticed a five-headed hydra
 16481 | D:11     | Killed a five-headed hydra
 16892 | D:12     | Noticed a deep elf pyromancer
 17003 | D:12     | Annihilated by a very large slime creature

Illustrated notes

Levels and vault maps discovered:
D:1:      wander_arrival_peaceful_grave, layout_basic, serial_shops,
          nicolae_shop_bloodbath_and_beyond
D:2:      layout_basic, serial_shops, shop, minmay_pentomino_x2
D:3:      layout_loops_ring, nicolae_uskayaw_suspiria, lemuel_round_altar,
          shapermc_ecumenical_altar_mp_urbaneastern, minmay_misc_feat_tower,
          hex_tiny, small_statue_intersection
D:4:      layout_basic, doesnt_xom_only_xom, grunt_temple_overflow_diamond,
          lightli_corner_chamber
D:5:      layout_rooms, mainiacjoe_overflow_concentric_impassable,
          nicolae_overflow_crystal_walls, mainiacjoe_overflow_divided_tiny,
          minmay_temple_entry_fiery, serial_demonic, serial_demonic_a,
          serial_demonic_e, serial_demonic_e, serial_demonic_c,
          serial_demonic_g, serial_demonic_c, uniq_grinder, uniq_eustachio,
          uniq_duvessa, uniq_blork_the_orc
D:6:      layout_loops_ring, pdpol_wu_jian_five_deadly_venoms, serial_shops,
          shop, kennysheep_mini_moat, shop, nicolae_take_the_stairs,
          grunt_ministairs_7, nicolae_titane, uniq_sigmund
D:7:      minmay_clustersquares, layout_loops_ring, gammafunk_ghost_necromancy
D:8:      layout_basic, mainiacjoe_overflow_24_doors,
          lemuel_coloured_pillars_altar, enter_bailey_2
D:9:      layout_basic, trog_butcher_becter, minivault_5
D:10:     layout_stronghold, dpeg_oklobed_lair, uniq_joseph, uniq_psyche
D:11:     erik_rubicon_b, layout_irregular_city, gauntlet_entry_generic,
          serial_co_window_serial, co_window_paths_b, co_window_corner_a,
          co_window_paths_a, co_window_paths_a, co_window_corner_a,
          co_window_paths_c, co_window_corner_b, co_window_of_opportunity_b,
          co_window_broadway_c, glass_columns_a, glass_columns_a,
          glass_columns_b, glass_columns_a
D:12:     layout_basic, orc_0_dummy, serial_bayou_lagoon_a
Temple:   nicolae_temple_colour_theory

Skill      XL: |  1  2  3  4  5  6  7  8  9 10 11 |
---------------+----------------------------------+-----
Spellcasting   | 4 5 6 7 8 11 12 14 15 | 15.7
Conjurations   | 2 8 11 14 | 14.0
Air Magic      | 4 5 7 8 |  8.7
Dodging        | |  2.4
Stealth        | |  2.4

Action                   |  1- 3 |  4- 6 |  7- 9 | 10-12 || total
-------------------------+-------+-------+-------+-------++-------
Melee: Mace              |     3 |       |       |       ||     3
       Short sword       |    10 |     7 |       |       ||    17
       Long sword        |       |       |     2 |       ||     2
       Rapier            |       |       |    12 |    11 ||    23
       Flail             |       |       |       |    20 ||    20
 Cast: Shock             |    87 |    90 |   126 |   138 ||   441
       Static Discharge  |       |     5 |    30 |    42 ||    77
       Searing Ray       |       |     5 |    24 |    27 ||    56
       Swiftness         |       |       |     2 |     1 ||     3
       Airstrike         |       |       |    27 |    96 ||   123
       Iskenderun's Batt |       |       |       |     7 ||     7
       Iskenderun's Myst |       |       |       |     3 ||     3
       Sandblast         |       |       |       |     3 ||     3
Evoke: Wand              |       |       |     2 |       ||     2
  Use: Scroll            |       |     7 |     8 |     3 ||    18
       Potion            |       |     2 |     1 |     5 ||     8
 Stab: Sleeping          |       |       |       |     1 ||     1
Armor: Robe              |     7 |     6 |    24 |    56 ||    93
Dodge: Dodged            |    15 |    14 |    40 |    79 ||   148
Block: Buckler           |       |       |    12 |    41 ||    53
       Reflection        |       |       |     3 |     7 ||    10
